 Dungeon Crawl Stone Soup version 0.22.0-25-g7663229ff0 (webtiles) character file.

194 Kirk the Chopper (level 5, 0/39 HPs)
             Began as a Demonspawn Gladiator on Aug 20, 2018.
             Slain by Crazy Yiuf
             ... wielding a +2 quarterstaff of chaos
              (2 damage)
             ... on level 2 of the Dungeon.
             The game lasted 00:04:06 (2701 turns).

Kirk the Chopper (Demonspawn Gladiator)             Turns: 2701, Time: 00:04:08

Health: 0/39       AC:  4    Str: 19    XL:     5   Next: 44%
Magic:  5/5        EV: 13    Int: 10    God:
Gold:   118        SH:  4    Dex: 15    Spells: 4/4 levels left

rFire    . . .     SeeInvis .   a - +1 war axe
rCold    . . .     Gourm    .   (no shield)
rNeg     . . .     Faith    +   b - +0 leather armour
rPois    .         Spirit   .   c - +0 helmet
rElec    .         Reflect  .   (no cloak)
rCorr    .         Harm     .   (no gloves)
MR       .....                  (no boots)
Stlth    +.........             p - amulet of faith
HPRegen  0.13/turn              (no ring)
MPRegen  0.09/turn              (no ring)

@: mighty, lethally poisoned (0 -> -2)
A: large bone plates 1, powered by pain 1, rot immunity
a: no special abilities


You were on level 2 of the Dungeon.
You were hungry.

You visited 1 branch of the dungeon, and saw 2 of its levels.

You collected 118 gold pieces.

Inventory:

Hand Weapons
 a - a +1 war axe (weapon)
Missiles
 d - 3 throwing nets (quivered)
 o - 13 poisoned needles
Armour
 b - a +0 leather armour (worn)
 c - a +0 helmet (worn)
Jewellery
 p - an amulet of faith (around neck)
Scrolls
 e - a scroll of enchant armour {unknown}
 r - a scroll of identify
Potions
 h - 4 potions of curing
 i - a potion of brilliance {unknown}
 n - a potion of lignification {unknown}
 q - a potion of invisibility
Comestibles
 f - 2 rations


   Skills:
 + Level 2.5 Fighting
 * Level 5.1 Axes
 - Level 1.7 Throwing
 + Level 1.4 Armour
 - Level 2.6 Dodging


You had 4 spell levels left.
You didn't know any spells.
Your spell library was empty.

Dungeon Overview and Level Annotations

Branches:
Dungeon (2/15)

Altars:

Annotations:
D:2 Crazy Yiuf


Innate Abilities, Weirdness & Mutations

You are partially covered in large bone plates. (SH +4)
You sometimes gain a little power by taking damage.
You are immune to rotting.


Message History

You barely miss Crazy Yiuf.
Crazy Yiuf is lightly wounded.
You feel sick.
Crazy Yiuf hits you with a quarterstaff of chaos!
You focus on the pain.
You feel very mighty all of a sudden.
Crazy Yiuf draws strength from your wounds!
You hit Crazy Yiuf.
Crazy Yiuf is moderately wounded.
Crazy Yiuf hits you with a quarterstaff of chaos.
Space warps horribly around you!
* * * LOW HITPOINT WARNING * * *
Unknown command.
You completely miss Crazy Yiuf.
Crazy Yiuf is moderately wounded.
* * * LOW HITPOINT WARNING * * *
You feel sick.
Crazy Yiuf laughs, "Fluff!"
Crazy Yiuf hits you with a quarterstaff of chaos.
You die...

.........#....#................(.
......)...###.#.#..........[.....
.......(...(....................#
........##.###########...#...(.##
...........# #...#######
(..).....### ##### #...#
..<......# #).)# #...# .........#
#)g)# #...# ...((....# #)@)#
#...# #.......## ##'## #...#
##.....## #)## #...# ####### ##)#
#...# #)## #...# ##)# #.### ##)##
#.# ##..)# #.# #....# #.#


You could see Crazy Yiuf.

Vanquished Creatures
  2 jellies (D:2)
  2 adders (D:2)
  7 oozes (D:2)
  3 worms (D:2)
  2 dart slugs
  2 leopard geckos (D:1)
  5 giant cockroaches
  7 goblins
  9 hobgoblins
  15 kobolds
  7 bats
  7 frilled lizards
  3 rats
71 creatures vanquished.

Vanquished Creatures (others)
  A fungus (D:2)
  3 toadstools (D:2)
4 creatures vanquished.

Grand Total: 75 creatures vanquished

Notes
Turn   | Place    | Note
-------+----------+-------------------------------------------
     0 | D:1      | Kirk the Demonspawn Gladiator began the quest for the Orb.
     0 | D:1      | Reached XP level 1. HP: 16/16 MP: 1/1
    23 | D:1      | Reached skill level 3 in Axes
   203 | D:1      | Gained mutation: You are partially covered in large bone plates. (SH +4) [demonic ancestry]
   203 | D:1      | Reached XP level 2. HP: 14/22 MP: 2/2
   912 | D:1      | Gained mutation: You sometimes gain a little power by taking damage. [demonic ancestry]
   912 | D:1      | Reached XP level 3. HP: 26/27 MP: 3/3
  1359 | D:2      | Reached skill level 4 in Axes
  1773 | D:2      | Reached skill level 1 in Armour
  1773 | D:2      | Reached XP level 4. HP: 31/33 MP: 4/4
  2141 | D:2      | Gained mutation: You are immune to rotting. [demonic ancestry]
  2141 | D:2      | Reached XP level 5. HP: 14/39 MP: 5/5
  2335 | D:2      | Reached skill level 5 in Axes
  2630 | D:2      | Found a runed door.
  2694 | D:2      | Noticed Crazy Yiuf
  2701 | D:2      | Slain by Crazy Yiuf

Skill      XL: |  1  2  3  4  5 |
---------------+----------------+-----
Axes           | 3 4 5 |  5.1
Armour         | 1 |  1.4
Fighting       | |  2.5
Throwing       | |  1.7
Dodging        | |  2.6

Action                   |  1- 3 |  4- 6 || total
-------------------------+-------+-------++-------
Melee: War axe           |   130 |    66 ||   196
  Use: Scroll            |     2 |     5 ||     7
  Eat: Chunk             |     3 |     2 ||     5
Armor: Leather armour    |    39 |    14 ||    53
Dodge: Dodged            |    86 |    33 ||   119
Block: Other             |    22 |     8 ||    30
